 Dungeon Crawl Stone Soup version 0.25-a0-413-g3b4b6a4ccc (webtiles) character file.

Game seed: 12877029919836204705, levelgen mode: deterministic

38 Borgoz the Skirmisher (level 3, -2/24 HPs)
             Began as a Gargoyle Berserker on Jan 16, 2020.
             Was a Follower of Trog.
             Killed from afar by Sigmund (7 damage)
             ... with a puff of flame
             ... on level 2 of the Dungeon.
             The game lasted 00:01:15 (1456 turns).

Borgoz the Skirmisher (Gargoyle Berserker)          Turns: 1456, Time: 00:01:15

Health: -2/24      AC:  8    Str: 20    XL:     3   Next: 43%
Magic:  3/3        EV: 11    Int:  7    God:    Trog [*.....]
Gold:   84         SH:  0    Dex: 10    Spells: 2/2 levels left

rFire    . . .     SeeInvis .   a - +0 mace
rCold    . . .     Gourm    .   (no shield)
rNeg     + . .     Faith    .   d - +0 ring mail
rPois    ∞         Spirit   .   (no helmet)
rElec    +         Reflect  .   (no cloak)
rCorr    .         Harm     .   (no gloves)
MR       .....                  (no boots)
Stlth    ..........             (no amulet)
HPRegen  0.08/turn              (no ring)
MPRegen  0.08/turn              (no ring)

@: confused, berserk cooldown, flying, slowed, very slow
A: negative energy resistance 1, electricity resistance, unbreathing,
petrification resistance, rot immunity, AC +3
a: Berserk, Renounce Religion


You were on level 2 of the Dungeon.
You worshipped Trog.
Trog was aware of your devotion.
You were hungry.

You visited 1 branch of the dungeon, and saw 2 of its levels.

You collected 84 gold pieces.

Inventory:

Hand Weapons
 a - a +0 mace (weapon)
Armour
 d - a +0 ring mail (worn)
Jewellery
 f - a cursed -6 ring of slaying {unknown}
 l - an uncursed ring of ice {unknown}
Scrolls
 b - 3 scrolls of identify {unknown}
 g - 3 scrolls of remove curse {unknown}
 h - a scroll of noise {unknown}
Potions
 i - a potion of degeneration {unknown}
 k - a potion of curing {unknown}
Comestibles
 c - 5 rations
 j - 2 chunks of flesh


   Skills:
 + Level 3.7 Fighting
 + Level 3.4 Maces & Flails
 + Level 2.8 Armour
 + Level 2.0 Dodging


You had 2 spell levels left.
You didn't know any spells.
Your spell library was empty.

Dungeon Overview and Level Annotations

Branches:
Dungeon (2/15)

Altars:

Annotations:
D:2 Sigmund


Innate Abilities, Weirdness & Mutations

You are resistant to torment.
Your stone body is resilient. (AC +3)
You are immune to poison.
You resist negative energy. (rN+)
You are resistant to electric shocks. (rElec)
You can survive without breathing.
You are immune to petrification.
You are immune to rotting.


Message History

You feel less confused. Sigmund barely misses you.
The kobold barely misses you.
Okay, then.
It was a potion of flight.
You feel very buoyant.
You fly up into the air.
Sigmund misses you. The kobold hits you but does no damage.
The kobold hits you with a +0 short sword.
* * * LOW HITPOINT WARNING * * *
Sigmund casts a spell at you.
You are confused.
Sigmund hits you with a +4 scythe of slicing.
* * * LOW HITPOINT WARNING * * *
x2 You see here 2 stones.
You hit the kobold.
The kobold is heavily wounded.
The kobold barely misses you.
Sigmund points at you and mumbles some strange words.
The puff of flame hits you!
You die...

.# #.. #.# #.. #.# #..
#.# ### #.# #.#
################.#######
####.
..>.....................
......
##.............@K.......
......
'..............#@#######
#..... ##.....######.#.#
#..... #........# #<#.#
#####. #........# ###.#
# #........# #.#
#....)...# #.#
######...# #.#
####...#####.# ###### #.


You could see Sigmund and a kobold.

Vanquished Creatures
  An adder (D:2)
  2 worms (D:2)
  2 dart slugs (D:1)
  2 bats
  7 hobgoblins
  A kobold (D:2)
  2 goblins (D:1)
  2 rats (D:1)
19 creatures vanquished.

Notes
Turn   | Place    | Note
-------+----------+-------------------------------------------
     0 | D:1      | Borgoz the Gargoyle Berserker began the quest for the Orb.
     0 | D:1      | Reached XP level 1. HP: 14/14 MP: 1/1
   248 | D:1      | Reached XP level 2. HP: 19/19 MP: 2/2
   872 | D:2      | Reached XP level 3. HP: 23/23 MP: 3/3
  1442 | D:2      | Noticed Sigmund
  1456 | D:2      | Killed from afar by Sigmund

Levels and vault maps discovered:
D:1:      dpeg_arrival_shrine, layout_basic
D:2:      layout_basic, uniq_sigmund

Skill      XL: |  1  2  3 |
---------------+----------+-----
Dodging        | 2 |  2.0
Fighting       | |  3.7
Maces & Flails | |  3.4
Armour         | |  2.8

Action                   || total
-------------------------++-------
Melee: Mace              ||    79
Invok: Berserk           ||     1
  Use: Potion            ||     1
  Eat: Chunk             ||     2
Armor: Ring mail         ||    29
Dodge: Dodged            ||    42

Table legend:
 A = Non-vault XP
 B = Vault XP
 C = Vault XP percentage of total XP
 D = Non-vault monster count
 E = Vault monster count
 F = Vault count percentage of total count
                 A         B        C        D         E       F
            +---------+---------+-------+---------+---------+-------
      Total |      55 |       0 |   0.0 |      19 |       0 |   0.0
            +---------+---------+-------+---------+---------+-------
        D:1 |      19 |       0 |   0.0 |       9 |       0 |   0.0
        D:2 |      36 |       0 |   0.0 |      10 |       0 |   0.0
            +---------+---------+-------+---------+---------+-------
